 Dungeon Crawl Stone Soup version 0.22-a0-866-geee50340df (webtiles) character file.

45 IcyTea the Chucker (level 3, 0/28 HPs)
             Began as a Draconian Wanderer on July 28, 2018.
             Slain by Terence
             ... wielding a +0 short sword
              (1 damage)
             ... on level 2 of the Dungeon.
             The game lasted 00:04:18 (1439 turns).

IcyTea the Chucker (Draconian Wanderer)             Turns: 1439, Time: 00:04:18

Health: 0/28       AC:  5    Str: 14    XL:     3   Next: 42%
Magic:  6/6        EV: 11    Int: 12    God:
Gold:   53         SH:  0    Dex: 11    Spells: 6/6 levels left

rFire    . . .     SeeInvis .   c - +0 spear
rCold    . . .     Gourm    .   (no shield)
rNeg     . . .     Faith    .   (armour unavailable)
rPois    .         Spirit   .   (helmet restricted)
rElec    .         Reflect  .   (no cloak)
rCorr    .         Harm     .   (no gloves)
MR       .....                  (no boots)
Stlth    ++........             (no amulet)
HPRegen  0.09/turn              f - ring of stealth
MPRegen  0.10/turn              (no ring)

@: no status effects
A: unfitting armour, cold-blooded, AC +5
a: no special abilities


You were on level 2 of the Dungeon.
You were hungry.

You visited 1 branch of the dungeon, and saw 2 of its levels.

You collected 53 gold pieces.

Inventory:

Hand Weapons
 c - a +0 spear (weapon)
Missiles
 a - 15 stones (quivered)
 p - a throwing net
Jewellery
 f - a ring of stealth (left hand)
 g - an uncursed amulet of regeneration {unknown}
Wands
 q - a wand of enslavement (16)
Scrolls
 b - 2 scrolls of fog {unknown}
 e - a scroll of teleportation {unknown}
 h - a scroll of identify {unknown}
 l - a scroll of magic mapping {unknown}
 n - a scroll of enchant weapon {unknown}
 o - a scroll of remove curse {unknown}
Potions
 i - a potion of lignification {unknown}
 j - a potion of mutation {unknown}
 k - a potion of flight {unknown}
 m - a potion of might {unknown}
Comestibles
 d - 2 rations


   Skills:
 - Level 1.1 Fighting
 + Level 3.5 Throwing
 - Level 1.0 Dodging
 - Level 1.0 Stealth
 - Level 2.0 Spellcasting
   Level 3.0 Ice Magic


You had 6 spell levels left.
You didn't know any spells.
Your spell library contained the following spells:

 Spells                   Type           Power        Failure   Level  Hunger
 Throw Frost              Conj/Ice       #.....       22%         2    ###....
 Mephitic Cloud           Conj/Pois/Air  #.......     63%         3    ####...
 Freeze                   Ice            #...         8%          1    ##.....
 Summon Ice Beast         Ice/Summ       #.......     82%         4    #####..
 Ozocubu's Armour         Chrm/Ice       #.......     41%         3    ####...
 Sting                    Conj/Pois      #...         26%         1    ##.....
 Throw Icicle             Conj/Ice       #.......     82%         4    #####..


Dungeon Overview and Level Annotations

Branches:
Dungeon (2/15)

Altars:

Annotations:
D:2 Terence


Innate Abilities, Weirdness & Mutations

Your plain brown scales are hard. (AC +5)
You cannot fit into any form of body armour.
You are cold-blooded and may be slowed by cold attacks.


Message History

You hit Terence.
Terence is severely wounded.
Terence barely misses you.
You barely miss Terence.
Terence is severely wounded.
Terence hits you with a short sword!
* * * LOW HITPOINT WARNING * * *
There is an open door here.
Throwing (i - inventory. (/) - cycle)
a - 16 stones (quivered)
Press: ? - help, Shift-Dir - straight line, f/p - Terence
Aim: Terence, wielding a short sword and wearing a chain mail (severely wounded)
You throw a stone. The stone hits Terence.
Terence is severely wounded.
Terence hits you with a short sword.
* * * LOW HITPOINT WARNING * * *
You hit Terence.
You tail-slap Terence, but do no damage.
Terence is almost dead.
Terence hits you with a short sword.
You die...

..........#.#..........#
#.........#.#......###.###
#..........#+#<##...#
#....#...#..........#.#
####.#...#..........#.#
##.#.#.#..........#.#
)............+..........#.#
#....#...#...#............#
#(.....##.#@#..........###
##.(....##.#@#..........#
#.......## #.#..........#
#....(... #.#..........#
#.......# #.##'#########
#.####.##.# #.#....##.##
#.#........####
#.'...........#


You could see Terence.

Vanquished Creatures
  Natasha (D:1)
  2 giant cockroaches
  2 goblins
  4 hobgoblins (D:1)
  2 jackals (D:1)
  2 kobolds (D:1)
  4 bats
  A frilled lizard (D:2)
  A rat (D:2)
19 creatures vanquished.

Notes
Turn   | Place    | Note
-------+----------+-------------------------------------------
     0 | D:1      | IcyTea the Draconian Wanderer began the quest for the Orb.
     0 | D:1      | IcyTea set off with: a +0 spear, a ration
     0 | D:1      | Reached XP level 1. HP: 16/16 MP: 3/3
   639 | D:1      | Reached XP level 2. HP: 21/23 MP: 5/5
  1124 | D:2      | Noticed Terence
  1126 | D:2      | Noticed Natasha
  1208 | D:1      | Killed Natasha
  1208 | D:1      | Reached XP level 3. HP: 14/28 MP: 6/6
  1438 | D:2      | HP: 1/28 [Terence/short sword (2)]
  1439 | D:2      | Slain by Terence

Vault maps used:
D:1:      evilmike_arrival_crescent
D:2:      serial_curves, eino_curves_01, eino_curves_01, elyvilon_altar_1,
          uniq_sigmund, uniq_natasha, uniq_robin, uniq_terence

Skill      XL: |  1  2 |
---------------+-------+-----
Throwing       | 2 3 |  3.5
Fighting       | |  1.1
Dodging        | |  1.0
Stealth        | |  1.0
Spellcasting   | |  2.0
Ice Magic      | |  3.0

Action                   || total
-------------------------++-------
Melee: Spear             ||    80
       Tailslap          ||    11
Throw: Stone             ||    21
 Stab: Sleeping          ||     4
  Eat: Chunk             ||     1
Armor: Skin              ||    28
Dodge: Dodged            ||    41

Table legend:
 A = Spawn XP
 B = Non-spawn XP
 C = Spawn XP percentage of total XP
 D = Spawn monster count
 E = Non-spawn monster count
 F = Spawn count percentage of total count
 G = Total turns spent on level
                    A         B        C        D         E        F      G
               +---------+---------+-------+---------+---------+-------+---------
         Total |       0 |      65 |   0.0 |       0 |      19 |   0.0 |  1439
               +---------+---------+-------+---------+---------+-------+---------
           D:1 |       0 |      58 |   0.0 |       0 |      14 |   0.0 |  1231
           D:2 |       0 |       7 |   0.0 |       0 |       5 |   0.0 |   208
               +---------+---------+-------+---------+---------+-------+---------
